 Dungeon Crawl Stone Soup version 0.21.1-1-g345015f (webtiles) character file.

64 Harpaggios the Changer (level 4, 0/33 HPs)
             Began as a Merfolk Transmuter on Apr 2, 2018.
             Was an Initiate of Ru.
             Killed from afar by Sigmund (10 damage)
             ... with a puff of flame
             ... on level 2 of the Dungeon on Apr 4, 2018.
             The game lasted 00:24:37 (1533 turns).

Harpaggios the Changer (Merfolk Transmuter)         Turns: 1533, Time: 00:24:38

Health: 0/33       AC:  2    Str: 10    XL:     4   Next: 12%
Magic:  5/7        EV: 13    Int: 13    God:    Ru [......]
Gold:   90         SH:  0    Dex: 14    Spells: 4/7 levels left

rFire    . . .     SeeInvis .     - Unarmed
rCold    . . .     Gourm    .   (no shield)
rNeg     . . .     Faith    .   b - +0 robe
rPois    .         Spirit   .   (no helmet)
rElec    .         Reflect  .   (no cloak)
rCorr    .         Harm     .   (no gloves)
MR       .....                  (no boots)
Stlth    +.........             (no amulet)
HPRegen  0.11/turn              (no ring)
MPRegen  0.10/turn              (no ring)

@: no status effects
A: change form in water, swift swim, stealthy swim
a: Renounce Religion


You were on level 2 of the Dungeon.
You worshipped Ru.
Ru was noncommittal.
You were hungry.

You visited 1 branch of the dungeon, and saw 2 of its levels.

You collected 90 gold pieces.

Inventory:

Missiles
 a - 24 arrows
 e - 27 stones (quivered)
Armour
 b - a +0 robe (worn)
Wands
 m - a wand of digging (10)
Scrolls
 i - a scroll of identify {unknown}
 j - a scroll of enchant armour {unknown}
 k - a scroll of random uselessness {unknown}
 o - a scroll of teleportation {unknown}
Potions
 g - a potion of haste
 h - a potion of resistance {unknown}
 l - a potion of might
 p - a potion of agility {unknown}
Books
 c - a book of Changes

   Spells                             Type                      Level
   a - Beastly Appendage              Transmutation                1
   b - Sticks to Snakes               Transmutation                2
   c - Spider Form                    Transmutation/Poison         3
   d - Ice Form                       Ice/Transmutation            4
   e - Blade Hands                    Transmutation                5
Comestibles
 d - 3 rations
 n - a chunk of flesh


   Skills:
 + Level 1.6 Fighting
 + Level 3.5 Dodging
 + Level 3.5 Unarmed Combat
 + Level 2.2 Spellcasting
 + Level 4.3 Transmutations


You had 4 spell levels left.
You knew the following spells:

 Your Spells              Type           Power        Failure   Level  Hunger
a - Beastly Appendage     Tmut           ##....       4%          1    ##.....
b - Sticks to Snakes      Tmut           ##......     6%          2    ###....


Dungeon Overview and Level Annotations

Branches:
Dungeon (2/15)

Altars:
Ru

Annotations:
D:2 Sigmund


Message History

Your ball python dies!
You see here a leather armour.
Sigmund gestures at you while chanting. The magic dart hits you!
* * * LOW HITPOINT WARNING * * *
You see here a rat corpse.
Things that are here:
a short sword; a kobold corpse You are feeling hungry.
You start resting.
Magic restored.
You start resting.
Casting: Sticks to Snakes
Confirm with . or Enter, or press ? or * to list all spells.
You create a snake!
You now have 24 arrows.
Sigmund misses you.
Your ball python barely misses Sigmund.
Your ball python grabs Sigmund.
Your ball python constricts Sigmund.
Sigmund casts a spell at you. The puff of flame hits you!
You die...

#############
##.......@..S#
########...########@#
....@........# ##.####
########...#.# #.....#
##.##.#####.###.#
#.##.##....# #
####.##...)...#
###.#.#.#†#####.......
#....###..# #...####


You could see Sigmund and a friendly ball python.

Vanquished Creatures
  Jessica (D:2)
  2 dart slugs (D:1)
  A leopard gecko (D:1)
  2 giant cockroaches (D:1)
  4 goblins
  A hobgoblin (D:2)
  7 jackals
  4 bats
  A frilled lizard (D:1)
  3 kobolds
  7 rats
33 creatures vanquished.

Notes
Turn   | Place    | Note
-------+----------+-------------------------------------------
     0 | D:1      | Harpaggios the Merfolk Transmuter began the quest for the Orb.
     0 | D:1      | Reached XP level 1. HP: 15/15 MP: 3/3
   208 | D:1      | Reached skill level 3 in Transmutations
   287 | D:1      | Reached XP level 2. HP: 18/21 MP: 3/5
   631 | D:1      | Learned a level 2 spell: Sticks to Snakes
   947 | D:1      | Reached XP level 3. HP: 25/26 MP: 4/6
  1307 | D:2      | Found a sacrificial altar of Ru.
  1321 | D:2      | Became a worshipper of Ru the Awakened
  1345 | D:2      | Noticed Jessica
  1355 | D:2      | Killed Jessica
  1355 | D:2      | Reached skill level 4 in Transmutations
  1355 | D:2      | Reached XP level 4. HP: 30/32 MP: 5/7
  1430 | D:2      | Noticed Sigmund
  1533 | D:2      | Killed from afar by Sigmund

Skill      XL: |  1  2  3 |
---------------+----------+-----
Transmutations | 3 4 |  4.3
Dodging        | 3 |  3.5
Fighting       | |  1.6
Unarmed Combat | |  3.5
Spellcasting   | |  2.2

Action                   |  1- 3 |  4- 6 || total
-------------------------+-------+-------++-------
Melee: Unarmed           |    93 |    14 ||   107
       Headbutt          |     8 |     2 ||    10
       Punch             |     2 |     1 ||     3
Throw: Stone             |     7 |       ||     7
 Cast: Beastly Appendage |     9 |       ||     9
       Sticks to Snakes  |       |     6 ||     6
  Use: Potion            |     1 |     1 ||     2
 Stab: Sleeping          |     2 |       ||     2
  Eat: Chunk             |     2 |       ||     2
Armor: Robe              |    17 |     4 ||    21
Dodge: Dodged            |    63 |    18 ||    81
